 Dungeon Crawl Stone Soup version 0.19-a0-1079-g88a7474 (webtiles) character file.

14592 JustSomeDude the Protected (level 11, -5/85 HPs)
             Began as a Demonspawn Fighter on Aug 6, 2016.
             Was a Priest of Yredelemnul.
             Slain by an eight-headed hydra (8 damage)
             ... on level 12 of the Dungeon.
             The game lasted 00:55:30 (12790 turns).

JustSomeDude the Protected (Demonspawn Fighter)    Turns: 12790, Time: 00:55:32

Health: -5/85      AC: 15    Str: 21    XL:     11   Next: 90%
Magic:  16/16      EV:  9    Int: 13    God:    Yredelemnul [***...]
Gold:   774        SH: 11    Dex: 14    Spells: 0 memorised, 10 levels left

rFire  . . .     SeeInvis .     O - +2 trident (flame)
rCold  . . .     Gourm    .     s - +0 chain mail
rNeg   . . .     Faith    .     c - +0 shield
rPois  .         Spirit   .     (no helmet)
rElec  .         Dismiss  .     J - +0 cloak
rCorr  .         Reflect  .     n - +0 pair of gloves
SustAt .         Harm     .     (no boots)
MR     +....                    (no amulet)
Stlth  ..........               i - ring of wizardry
                                d - +4 ring of intelligence

@: about to teleport
A: talons 2, agile 1, magic resistance 1, mutation resistance 1, powered by pain
1, regeneration 1, shaggy fur 1, rot immunity
a: Recall Undead Slaves, Injury Mirror, Animate Dead, Renounce Religion


You were on level 12 of the Dungeon.
You worshipped Yredelemnul.
Yredelemnul was most pleased with you.
You were not hungry.

You visited 2 branches of the dungeon, and saw 14 of its levels.
You also visited: Ossuary.

You collected 774 gold pieces.

Inventory:

Hand Weapons
 l - the +9 flail "Saqeurano" {crush, +Rage Str+2 Int+3 SInv}
   (You found it on level 10 of the Dungeon)

   It inflicts extra damage upon your enemies.
   It affects your strength (+2).
   It affects your intelligence (+3).
   It lets you see invisible.
   It lets you go berserk.
 p - the +7 war axe of Dian {freeze, +Rage}
   (You found it on level 7 of the Dungeon)

   It has been specially enchanted to freeze those struck by it, causing extra
   injury to most foes and up to half again as much damage against particularly
   susceptible opponents.
   It can also slow down cold-blooded creatures.
   It lets you go berserk.
 O - a +2 trident of flaming (weapon)
Missiles
 C - 4 tomahawks of returning (quivered)
Armour
 b - a +0 scale mail
 c - a +0 shield (worn)
 n - a +0 pair of gloves (worn)
 s - a +0 chain mail (worn)
 J - a +0 cloak (worn)
 M - a +2 pair of boots
Jewellery
 d - a +4 ring of intelligence (left hand)
 i - a ring of wizardry (right hand)
 B - a cursed ring of loudness {unknown}
 T - an uncursed ring of ice {unknown}
 V - a +3 ring of strength {unknown}
Wands
 q - a wand of paralysis (6/24)
 v - a wand of flame (16/48)
 y - a wand of random effects (13/48)
 I - a wand of paralysis (8/24)
 K - a wand of lightning (4/15)
 N - a wand of acid (12/15)
 R - a wand of digging (11/24)
Scrolls
 e - 2 scrolls of teleportation
 g - 12 scrolls of identify
 u - a scroll of noise {unknown}
 x - a scroll of immolation {unknown}
 z - a scroll of random uselessness {unknown}
 D - a scroll of acquirement {unknown}
 E - 6 scrolls of remove curse
 F - 2 scrolls of magic mapping
 G - a scroll of amnesia
 H - a scroll of enchant armour {unknown}
 P - 2 scrolls of recharging {unknown}
 Q - a scroll of fear {unknown}
Potions
 m - a potion of cure mutation
 w - a potion of magic
 A - 4 potions of brilliance
 L - a potion of cancellation
 U - a potion of berserk rage {unknown}
 X - a potion of haste
Books
 a - a book of the Sky

   Spells                             Type                      Level
   a - Summon Lightning Spire         Summoning/Air                4
   b - Airstrike                      Air                          4
   c - Silence                        Hexes/Air                    5
   d - Deflect Missiles               Charms/Air                   6
   e - Conjure Ball Lightning         Conjuration/Air              6
   f - Tornado                        Air                          9
 o - a book of Callings

   Spells                             Type                      Level
   a - Summon Small Mammal            Summoning                    1
   b - Call Imp                       Summoning                    2
   c - Call Canine Familiar           Summoning                    3
   d - Summon Guardian Golem          Hexes/Summoning              3
   e - Summon Lightning Spire         Summoning/Air                4
   f - Summon Ice Beast               Ice/Summoning                4
 S - a book of Battle

   Spells                             Type                      Level
   a - Infusion                       Charms                       1
   b - Shroud of Golubria             Charms/Translocation         2
   c - Song of Slaying                Charms                       2
   d - Spectral Weapon                Hexes/Charms                 3
   e - Regeneration                   Charms/Necromancy            3
Miscellaneous
 k - a fan of gales (inert)
Comestibles
 f - 8 bread rations
 h - 7 meat rations
 j - a beef jerky
 r - 5 royal jellies


   Skills:
 + Level 7.7 Fighting
 + Level 5.0(6.7) Axes
 + Level 1.6(3.6) Maces & Flails
 + Level 6.5(7.3) Polearms
 + Level 0.1 Throwing
 * Level 9.8 Armour
 + Level 6.2 Dodging
 + Level 2.9 Stealth
 + Level 6.7 Shields
 * Level 7.8 Invocations
 + Level 0.4 Evocations


You had 10 spell levels left.
You didn't know any spells.

Dungeon Overview and Level Annotations

Branches:
Dungeon (13/15)            Temple (1/1) D:6            Lair (0/6) D:10
    Orc (0/2) D:12
 Vaults: D:13-14

Altars:
Ashenzari
Cheibriados
Dithmenos
Elyvilon
Fedhas
Gozag
Hepliaklqana
Kikubaaqudgha
Makhleb
Nemelex Xobeh
Okawaru
Pakellas
Qazlal
Ru
Sif Muna
Trog
Uskayaw
Vehumet
Xom
Yredelemnul
Zin
The Shining One

Shops:
D:8 *

Portals:
Trove: D:11 (give +6 demon trident)


Innate Abilities, Weirdness & Mutations

You have razor-sharp toenails.
You sometimes gain a little power by taking damage.
You are immune to rotting.
You are agile. (Dex +2)
You are resistant to hostile enchantments. (MR+)
You are somewhat resistant to further mutation.
Your natural rate of healing is unusually fast.
You are covered in fur. (AC +1)


Message History

You block the eight-headed hydra's attack.
The eight-headed hydra barely misses you.
The eight-headed hydra bites you.
* * * LOW HITPOINT WARNING * * *
The eight-headed hydra bites you but does no damage.
The eight-headed hydra bites you.
* * * LOW HITPOINT WARNING * * *
As you read the scroll of teleportation, it crumbles to dust.
You feel strangely unstable.
The vampire mosquito bites you but does no damage.
You block the skeletal warrior's attack.
The eight-headed hydra bites you!
* * * LOW HITPOINT WARNING * * *
The eight-headed hydra bites you but does no damage.
You block the eight-headed hydra's attack.
The eight-headed hydra bites you!
* * * LOW HITPOINT WARNING * * *
The eight-headed hydra bites you!
You die...
Your body rises from the dead as a mindless zombie.

..##..# *,,,,,,,,,*****,*
....##### ##*,***,,,,,,,*
*,* .8.)....#
#..,,,,,,,,,,.* *,*
...)....#****#.#,***,,,,,..*
*,* ..).....#,,,,...,*
***...#.# *,*
..........#**#.#** ##...#.#
*,* .>.....8..# #.# #......#
*,* .........##
#§######..J...##*,**
........##
#az@yy.yy.J.....,,,,
........#
##§D#####..J.....,,**
.8......#
##.§.#####.....#***,*
....#####* #.#.......<.##.#
*,* ..### *,*
##$########.#*,# *,* .## *,*
#.# ###*.##.#**#.# ## *,*
#.# #..,....##...# #.# #.#
#.#*.##.#....## #.# #.#
###.##.##........


You could see an eight-headed hydra, a skeletal warrior, 2 vampire mosquitoes
and a worker ant.

Vanquished Creatures
  A hydra (D:11)
  2 unseen horrors
  The ghost of p0werm0de the Nimble, a novice DEWr of Cheibriados (D:7)
  A hill giant (D:10)
  Pikel (D:8)
  A cyclops (D:11)
  An elephant (D:10)
  Maurice (D:8)
  A gargoyle (D:13)
  3 trolls
  A slime creature (D:12)
  A shadow (D:11)
  A wyvern (D:12)
  6 yaks
  A steam dragon (D:12)
  3 hungry ghosts
  A hippogriff (D:12)
  2 insubstantial wisps (D:12)
  3 slaves (D:8)
  7 orc warriors
  A wasp (D:10)
  An ice beast (D:5)
  5 phantoms
  4 sky beasts
  7 ogres
  3 necrophages
  2 crocodiles (D:10)
  3 centaurs
  Blork the orc (D:5)
  3 giant frogs
  A big kobold (D:10)
  4 elf zombies (Ossuary)
  A gnoll sergeant (D:8)
  A wyvern zombie (D:6)
  A scorpion (D:11)
  A troll zombie (D:12)
  A killer bee (D:13)
  4 wights (D:9)
  3 howler monkeys
  5 crimson imps
  5 centaur zombies
  12 orc priests
  4 hounds
  3 jellies (D:8)
  A quasit (D:11)
  9 orc wizards
  2 giant frog skeletons
  2 iguanas
  5 human zombies (Ossuary)
  9 worker ants
  7 ogre zombies (D:12)
  3 hound zombies
  2 hound skeletons
  3 mummies (Ossuary)
  8 gnolls
  12 adders
  3 shadow imps
  3 oozes (D:8)
  3 adder zombies
  2 worms
  3 dart slugs
  6 giant geckos
  45 orcs
  5 giant cockroaches
  3 goblins
  7 hobgoblins
  2 jackals (D:2)
  10 kobolds
  3 quokkas
  A ball python (D:4)
  9 bats
  6 giant newts
  3 goblin skeletons (D:12)
  A goblin zombie (D:12)
  3 hobgoblin skeletons (D:12)
  4 hobgoblin zombies (D:12)
  4 orc skeletons (D:12)
  9 orc zombies (D:12)
  7 rats
320 creatures vanquished.

Vanquished Creatures (collateral kills)
  A centaur warrior (D:13)
  A two-headed ogre (D:13)
  A troll (D:11)
  A wraith (D:11)
  A phantom (D:8)
  A slave (D:8)
  2 orc priests
  A hound skeleton (D:10)
  2 gnolls (D:8)
  2 shadow imps
  2 oozes (D:8)
  A giant gecko (D:10)
  An orc (D:13)
  A quokka (D:10)
18 creatures vanquished.

Vanquished Creatures (others)
  A sky beast (D:12)
  A wight (D:12)
  A centaur zombie (D:13)
  A two-headed ogre zombie (D:13)
  A sky beast zombie (D:12)
  2 ogre zombies (D:11)
  A hound zombie (D:12)
  A steam dragon zombie (D:12)
  An adder zombie (D:10)
  14 orc zombies
24 creatures vanquished.

Grand Total: 362 creatures vanquished

Notes
Turn   | Place    | Note
-------+----------+-------------------------------------------
     0 | D:1      | JustSomeDude the Demonspawn Fighter began the quest for the Orb.
     0 | D:1      | Reached XP level 1. HP: 18/18 MP: 1/1
   234 | D:1      | Gained mutation: You are immune to rotting. [demonic ancestry]
   234 | D:1      | Reached XP level 2. HP: 24/24 MP: 2/2
   981 | D:2      | Reached XP level 3. HP: 29/29 MP: 3/3
  1067 | D:2      | Reached skill level 3 in Armour
  1578 | D:2      | Gained mutation: You sometimes gain a little power by taking damage. [demonic ancestry]
  1578 | D:2      | Reached XP level 4. HP: 30/36 MP: 4/4
  1778 | D:2      | Reached skill level 1 in Dodging
  2240 | D:3      | Reached XP level 5. HP: 25/42 MP: 5/5
  2625 | D:3      | Reached XP level 6. HP: 48/48 MP: 6/6
  3016 | D:4      | Reached skill level 4 in Armour
  3225 | D:4      | Reached XP level 7. HP: 24/55 MP: 7/7
  3867 | D:5      | Entered Level 5 of the Dungeon
  3927 | D:5      | Noticed Blork the orc
  3937 | D:5      | Killed Blork the orc
  3980 | D:5      | Found a basalt altar of Yredelemnul.
  3988 | D:5      | Became a worshipper of Yredelemnul the Dark
  4052 | D:5      | Reached skill level 5 in Armour
  4180 | D:5      | Reached skill level 5 in Fighting
  4250 | D:5      | Found a sand-covered staircase.
  4255 | Ossuary  | Entered an ossuary
  4430 | Ossuary  | Reached XP level 8. HP: 61/62 MP: 8/8
  4810 | Ossuary  | Reached skill level 6 in Armour
  5109 | D:5      | Reached skill level 1 in Stealth
  5404 | D:6      | Reached skill level 5 in Polearms
  5504 | D:5      | Gained mutation: You have sharp toenails. [demonic ancestry]
  5504 | D:5      | Reached XP level 9. HP: 22/69 MP: 9/9
  5672 | D:5      | Reached skill level 5 in Shields
  5964 | D:6      | Gained mutation: You are covered in fur. (AC +1) [potion of mutation]
  5964 | D:6      | Gained mutation: Your natural rate of healing is unusually fast. [potion of mutation]
  5964 | D:6      | Gained mutation: You are agile. (Dex +2) [potion of mutation]
  6185 | D:6      | Reached * piety under Yredelemnul
  6578 | D:6      | Reached skill level 1 in Invocations
  6703 | D:6      | Found a staircase to the Ecumenical Temple.
  6719 | D:6      | Reached skill level 5 in Dodging
  6743 | Temple   | Entered the Ecumenical Temple
  7063 | D:7      | Gained mutation: You are very agile. (Dex +4) [potion of mutation]
  7063 | D:7      | Gained mutation: You are somewhat resistant to further mutation. [potion of mutation]
  7064 | D:7      | Lost mutation: You are very agile. (Dex +4) [potion of mutation]
  7064 | D:7      | Gained mutation: You are resistant to hostile enchantments. (MR+) [potion of mutation]
  7106 | D:7      | Noticed p0werm0de's ghost (novice DEWr)
  7365 | D:7      | Got a steaming war axe
  7366 | D:7      | Identified the +7 war axe of Dian {freeze, +Rage} (You found it on level 7 of the Dungeon)
  7416 | D:7      | Found a blossoming altar of Fedhas.
  7569 | D:7      | Reached skill level 7 in Armour
  7812 | D:7      | Killed p0werm0de's ghost
  7812 | D:7      | Reached skill level 1 in Axes
  7812 | D:7      | Gained mutation: You have razor-sharp toenails. [demonic ancestry]
  7812 | D:7      | Reached XP level 10. HP: 66/77 MP: 10/12
  7906 | D:8      | Found a radiant altar of Vehumet.
  7911 | D:8      | Found a radiant altar of Vehumet.
  7965 | D:8      | Noticed Maurice
  7990 | D:8      | Paralysed by something for 6 turns
  8001 | D:8      | Paralysed by Maurice for 4 turns
  8014 | D:8      | Killed Maurice
  8030 | D:8      | Found Jemaf's Assorted Antiques.
  8043 | D:8      | Reached ** piety under Yredelemnul
  8086 | D:8      | Noticed Pikel
  8096 | D:8      | Killed Pikel
  9478 | D:10     | Entered Level 10 of the Dungeon
  9494 | D:10     | Noticed a hill giant
  9498 | D:10     | Reached skill level 8 in Armour
  9503 | D:10     | Noticed an elephant
  9512 | D:10     | Killed a hill giant
  9563 | D:10     | Killed an elephant
  9854 | D:10     | Found a staircase to the Lair.
 10257 | D:10     | Got a translucent flail
 10258 | D:10     | Identified the +9 flail "Saqeurano" {crush, +Rage Str+2 Int+3 SInv} (You found it on level 10 of the Dungeon)
 10309 | D:11     | Reached skill level 5 in Invocations
 10314 | D:11     | Reached XP level 11. HP: 79/84 MP: 14/14
 10720 | D:11     | Reached *** piety under Yredelemnul
 10742 | D:11     | Reached skill level 1 in Maces & Flails
 10977 | D:11     | Found a portal to a secret trove of treasure.
 11035 | D:12     | Found a staircase to the Orcish Mines.
 11045 | D:12     | Noticed a four-headed hydra
 11217 | D:11     | Killed a four-headed hydra
 11428 | D:12     | Reached skill level 9 in Armour
 11681 | D:12     | Noticed an eight-headed hydra
 12245 | D:13     | Noticed a centaur warrior
 12256 | D:13     | Killed a centaur warrior
 12361 | D:13     | Noticed an unseen horror
 12373 | D:13     | Killed an unseen horror
 12398 | D:13     | Noticed a white ugly thing
 12500 | D:12     | Noticed an unseen horror
 12509 | D:12     | Killed an unseen horror
 12509 | D:12     | Reached skill level 5 in Axes
 12617 | D:12     | Reached **** piety under Yredelemnul
 12617 | D:12     | Received a gift from Yredelemnul (a wight)
 12785 | D:12     | Noticed a skeletal warrior
 12790 | D:12     | HP: 3/85 [eight-headed hydra (8)]
 12790 | D:12     | Slain by an eight-headed hydra

Vault maps used:
D:1:      matt_arrival_refuge, kennysheep_nondescript
D:2:      minmay_crystal_room, grunt_ministairs_1
D:4:      first_bread, grunt_tough_drop
D:5:      lemuel_coloured_pillars_altar, enter_ossuary_2, uniq_blork_the_orc
D:6:      st_stairs_14, minmay_item_behind_shaft
D:7:      fedhas_altar_1
D:8:      kennysheep_mini_moat, basic_altar, serial_shops, shop,
          hangedman_little_slice_of_home, uniq_pikel, uniq_maurice
D:10:     david_lair_generic
D:11:     enter_trove_3
D:12:     zombieorc2_lemuel, hangedman_misty_isle
Temple:   regret_index_temple_chain_breaker
Ossuary:  ossuary_minmay_four_chambers

Skill      XL: |  1  2  3  4  5  6  7  8  9 10 11 |
---------------+----------------------------------+-----
Shields        | 3 4 5 6 |  6.7
Armour         | 3 4 5 6 7 8 9 |  9.8
Polearms       | 2 3 4 5 6 |  6.5
Dodging        | 1 2 3 4 5 6 |  6.2
Fighting       | 4 5 6 7 |  7.7
Stealth        | 1 2 |  2.9
Invocations    | 2 5 7 |  7.8
Axes           | 1 4 5 |  5.0
Maces & Flails | 1 |  1.6
Throwing       | |  0.1
Evocations     | |  0.4

Action                   |  1- 3 |  4- 6 |  7- 9 | 10-12 || total
-------------------------+-------+-------+-------+-------++-------
Melee: Trident           |   144 |    68 |       |    45 ||   257
       Spear             |       |   100 |   673 |       ||   773
       War axe           |       |       |    59 |   271 ||   330
       Flail             |       |       |       |   206 ||   206
       Kick              |       |       |       |    27 ||    27
Throw: Tomahawk          |       |       |     2 |     5 ||     7
Invok: Animate Remains   |       |       |     5 |    14 ||    19
       Recall Undead Sla |       |       |       |     2 ||     2
       Injury Mirror     |       |       |       |     2 ||     2
       Animate Dead      |       |       |       |     8 ||     8
 Abil: Evoke Berserk Rag |       |       |       |     1 ||     1
Evoke: Wand              |       |       |       |     4 ||     4
       Fan of gales      |       |       |       |     1 ||     1
  Use: Potion            |       |     3 |    16 |     8 ||    27
       Scroll            |       |       |    10 |     9 ||    19
 Stab: Invisible         |       |       |     2 |     9 ||    11
       Distracted        |       |       |       |     3 ||     3
  Eat: Chunk             |     2 |     6 |    10 |    12 ||    30
       Fruit             |       |       |     4 |     4 ||     8
       Pizza             |       |       |     1 |     2 ||     3
       Beef jerky        |       |       |     1 |     2 ||     3
       Royal jelly       |       |       |       |     5 ||     5
       Meat ration       |       |       |       |     1 ||     1
Armor: Scale mail        |    59 |    37 |   152 |       ||   248
       Skin              |       |       |     9 |       ||     9
       Chain mail        |       |       |    19 |   288 ||   307
Dodge: Dodged            |    28 |    28 |   143 |   219 ||   418
Block: Shield            |    59 |    43 |   211 |   319 ||   632
